 Dungeon Crawl Stone Soup version 0.28-a0-1567-g1695149f81 (webtiles) character file.

Game seed: 456472372451333598

24 southernslant the Vexing (level 2, 0/14 HPs)
             Began as a Spriggan Arcane Marksman on Jan 20, 2022.
             Slain by a goblin (1 damage)
             ... on level 1 of the Dungeon.
             The game lasted 00:04:51 (1913 turns).

southernslant the Vexing (Spriggan Arcane Marksman) Turns: 1913, Time: 00:04:52

Health: 0/14       AC:  2    Str:  6    XL:     2   Next: 79%
Magic:  5/6        EV: 17    Int: 14    God:
Gold:   45         SH:  0    Dex: 15    Spells: 4/5 levels left

rFire   . . .      SeeInvis +   a - +0 hunting sling
rCold   . . .      Faith    .   (no shield)
rNeg    . . .      Spirit   .   d - +0 robe
rPois   .          Reflect  .   (helmet restricted)
rElec   .          Harm     .   (no cloak)
rCorr   .          Rampage  .   (gloves unavailable)
Will    .....                   (boots unavailable)
Stlth   +.........              (no amulet)
HPRegen 0.04/turn               (no ring)
MPRegen 0.10/turn               (no ring)

@: very quick
A: very small, no large weapons, unfitting armour, see invisible, speed 3
a: no special abilities


You were on level 1 of the Dungeon.
You visited 1 branch of the dungeon, and saw 2 of its levels.

You collected 45 gold pieces.

Inventory:

Hand Weapons
 a - a +0 hunting sling (weapon)
 e - a +0 dagger
Missiles
 c - 9 sling bullets (quivered ammo)
 g - 23 stones (quivered)
Armour
 d - a +0 robe (worn)
Magical Staves
 b - a staff of earth
Scrolls
 h - a scroll of immolation {unknown}
Potions
 f - a potion of brilliance {unknown}


   Skills:
 * Level 1.2 Fighting
 * Level 0.8 Short Blades
 * Level 2.8 Slings
 * Level 0.5 Armour
 - Level 2.6 Dodging
 * Level 2.0 Spellcasting
 - Level 3.6 Hexes


You had 4 spell levels left.
You knew the following spells:

 Your Spells              Type           Power      Damage    Failure   Level
a - Slow                  Hex            44%        N/A       5%          1

Your spell library contained the following spells:

 Spells                   Type           Power      Damage    Failure   Level
 Inner Flame              Hex/Fire       6%         N/A       34%         3
 Portal Projectile        Hex/Tloc       12%        N/A       34%         3
 Cause Fear               Hex            5%         N/A       47%         4


Dungeon Overview and Level Annotations

Branches:
Dungeon (2/15)

Altars:

Shops:
D:1 *


Innate Abilities, Weirdness & Mutations

You are very small and have problems with some larger weapons.
You are too small for most types of armour.
You have supernaturally acute eyesight. (SInv)
You cover ground extremely quickly. (Speed+++)


Message History

Fire: 28 stones
Press: ? - help, Q - select action, (/) - cycle Shift-Dir - straight line, f - goblin
Aim: a goblin, wielding a +0 club (51% to hit)
You shoot a stone. The stone misses the goblin.
The goblin misses you. The goblin hits you but does no damage.
Fire: 27 stones
Press: ? - help, Q - select action, (/) - cycle Shift-Dir - straight line, f/p - goblin
Aim: a goblin, wielding a +0 club (51% to hit)
You shoot a stone. The stone hits the goblin.
The goblin is moderately wounded.
The goblin completely misses you. The goblin hits you but does no damage.
Fire: 26 stones
Press: ? - help, Q - select action, (/) - cycle Shift-Dir - straight line, f - goblin, p - goblin
Aim: a goblin, wielding a +0 club (moderately wounded, 51% to hit)
You shoot a stone. The stone barely misses the goblin.
The goblin hits you with a +0 club.
* * * LOW HITPOINT WARNING * * *
The goblin misses you.
Fire: 25 stones
Press: ? - help, Q - select action, (/) - cycle Shift-Dir - straight line, f/p - goblin
Aim: a goblin, wielding a +0 club (moderately wounded, 51% to hit)
You shoot a stone. The stone closely misses the goblin.
The goblin hits you with a +0 club.
* * * LOW HITPOINT WARNING * * *
The goblin hits you with a +0 club.
* * * LOW HITPOINT WARNING * * *
Fire: 24 stones
Press: ? - help, Q - select action, (/) - cycle Shift-Dir - straight line, f/p - goblin
Aim: a goblin, wielding a +0 club (moderately wounded, 51% to hit)
You shoot a stone. The stone hits the goblin.
You kill the goblin!
The goblin closely misses you.
Casting: Slow (safe; 5% risk of failure)
Confirm with . or Enter, or press ? or * to list all spells.
Aiming: Slow (safe; 5% risk of failure)
Press: ? - help, Shift-Dir - straight line, f - goblin
Aim: a goblin, wielding a +0 club (chance to affect: 67%)
The goblin struggles to resist.
The goblin hits you but does no damage. The goblin hits you with a +0 club.
You die...

#####.....#..........# #.##.#.###
#.......############.##.#....
#.........# #...##.####. ##
#.......#.# ##+#........> .#
#...÷..##.# #............
#####...)..+..# #......#.....
...##......##########......#.....
##.##.....÷#####>g....(#'#.#.#.#.
##.#####.#.....#@#######...#.....
......##+#####.#.###.......#.....
....÷.......##.#.#.........#.#.#.
............##.#.#.#.###...#.....
............##.#.#+#...#.###.....
##.......#####.#...........#.#.#.
#######..# #..(..........#.....
####..########..........#.....
###.......................#.#.#.


You could see a goblin.

Vanquished Creatures
  A dart slug (D:1)
  2 bats (D:1)
  4 endoplasms (D:1)
  A giant cockroach (D:1)
  3 goblins (D:1)
  2 hobgoblins (D:1)
  A kobold (D:1)
  A quokka (D:1)
  A ball python (D:1)
  3 frilled lizards (D:1)
  A rat (D:1)
20 creatures vanquished.

Notes
Turn   | Place    | Note
-------+----------+-------------------------------------------
     0 | D:1      | southernslant the Spriggan Arcane Marksman began the quest
                  | for the Orb.
     0 | D:1      | Reached XP level 1. HP: 9/9 MP: 3/3
   171 | D:1      | Reached skill level 1 in Fighting
   415 | D:1      | Found Egin Wiu's Assorted Antiques.
   457 | D:1      | Reached XP level 2. HP: 5/14 MP: 5/5
  1913 | D:1      | Slain by a goblin

Illustrated notes

Levels and vault maps discovered:
D:1:      psy_arrival_conway, layout_basic, serial_shops,
          nicolae_shop_behind_doors, columned_hall_lemuel, minmay_tromino_i4
D:2:      layout_basic, shapermc_ecumenical_altar_gd, basic_altar

Skill      XL: |  1  2 |
---------------+-------+-----
Fighting       | 1 |  1.2
Spellcasting   | 2 |  2.0
Short Blades   | |  0.8
Slings         | |  2.8
Armour         | |  0.5
Dodging        | |  2.6
Hexes          | |  3.6

Action                   || total
-------------------------++-------
Melee: Dagger            ||    40
 Fire: Hunting sling     ||    53
 Cast: Slow              ||     2
 Stab: Sleeping          ||     1
Armor: Robe              ||    10
Dodge: Dodged            ||    51

Table legend: (Time is in decaauts)
 A = Elapsed time spent in this place.
 B = Non-inter-level travel time spent in this place.
 C = Inter-level travel time spent in this place.
 D = Time resting spent in this place.
 E = Time spent auto-exploring this place.
 F = Levels seen in this place.
 G = Mean time per level.
                   A        B        C        D        E       F      G
               +--------+--------+--------+--------+--------+-----+--------+
         Total |   1635 |   1616 |     19 |      0 |   1435 |   2 |  817.5 |
       Dungeon |   1635 |   1616 |     19 |      0 |   1435 |   2 |  817.5 |
               +--------+--------+--------+--------+--------+-----+--------+

Top non-repeatable levels by time:
     D:1: 1627 daAuts
     D:2: 8 daAuts
